 Dungeon Crawl Stone Soup version 0.21.1-1-g345015fe64 (webtiles) character file.

139 Kohma the Stinger (level 5, -1/35 HPs)
             Began as a Demonspawn Venom Mage on June 20, 2018.
             Slain by Sigmund
             ... wielding a +0 scythe
              (8 damage)
             ... on level 2 of the Dungeon.
             The game lasted 00:11:08 (2655 turns).

Kohma the Stinger (Demonspawn Venom Mage)           Turns: 2655, Time: 00:11:09

Health: -1/35      AC:  3    Str:  9    XL:     5   Next: 1%
Magic:  9/9        EV: 12    Int: 17    God:
Gold:   73         SH:  0    Dex: 13    Spells: 8/9 levels left

rFire    . . .     SeeInvis .   w - +2 short sword (freeze)
rCold    . . .     Gourm    .   (no shield)
rNeg     . . .     Faith    .   f - +0 robe
rPois    .         Spirit   .   r - +0 helmet
rElec    .         Reflect  .   (no cloak)
rCorr    .         Harm     .   (no gloves)
MR       .....                  (no boots)
Stlth    ++........             (no amulet)
HPRegen  0.11/turn              (no ring)
MPRegen  0.11/turn              (no ring)

@: confused
A: claws 1, nightstalker 1, spiny 1
a: no special abilities


You were on level 2 of the Dungeon.
You were not hungry.

You visited 1 branch of the dungeon, and saw 2 of its levels.

You collected 73 gold pieces.

Inventory:

Hand Weapons
 a - a +0 short sword
 b - a +0 hunting sling
 w - a +2 short sword of freezing (weapon)
Missiles
 i - 24 bolts
 m - 4 tomahawks of returning (quivered)
 t - 40 stones
Armour
 f - a +0 robe (worn)
 r - a +0 helmet (worn)
Wands
 l - a wand of polymorph (12)
 v - a wand of acid (10)
Scrolls
 d - 3 scrolls of teleportation {unknown}
 j - 2 scrolls of fear {unknown}
 n - a scroll of remove curse {unknown}
 p - a scroll of magic mapping {unknown}
 q - a scroll of immolation {unknown}
 u - a scroll of enchant armour {unknown}
 x - a scroll of enchant weapon {unknown}
 y - a scroll of identify {unknown}
Potions
 e - a potion of mutation {unknown}
 h - 3 potions of curing {unknown}
 k - a potion of berserk rage {unknown}
 o - a potion of lignification {unknown}
 z - a potion of heal wounds {unknown}
Books
 s - a Young Poisoner's Handbook

   Spells                             Type                      Level
   a - Sting                          Conjuration/Poison           1
   b - Poisonous Vapours              Poison/Air                   2
   c - Mephitic Cloud                 Conjuration/Poison/Air       3
   d - Olgreb's Toxic Radiance        Poison                       4
   e - Venom Bolt                     Conjuration/Poison           5
Comestibles
 c - 5 rations


   Skills:
 - Level 1.7 Dodging
 - Level 1.7 Stealth
 + Level 2.9 Spellcasting
 + Level 2.4 Conjurations
 * Level 4.6 Poison Magic


You had 8 spell levels left.
You knew the following spells:

 Your Spells              Type           Power        Failure   Level  Hunger
a - Sting                 Conj/Pois      ##..         4%          1    None


Dungeon Overview and Level Annotations

Branches:
Dungeon (2/15)

Altars:

Annotations:
D:2 Sigmund


Innate Abilities, Weirdness & Mutations

You have sharp fingernails.
You are slightly more attuned to the shadows.
You are partially covered in sharp spines.


Message History

Something hits you.
You barely miss something. Something hits you!
You feel less confused.
A magic dart appears from out of thin air!
The magic dart hits you!
A magic dart appears from out of thin air!
The magic dart hits you!
* * * LOW HITPOINT WARNING * * *
All of the chunks of flesh in your inventory have rotted away.
You are confused.
You bump into the rock wall.
You bump into the rock wall.
You bump into the rock wall.
Something hits you.
* * * LOW HITPOINT WARNING * * *
You feel less confused.
You are confused.
You are more confused.
You're too confused to move!
You bump into the rock wall.
Something hits you!
You die...

#.##.# #.....######
#.##.# ###.#.......
#.##.# #.#.######
###.##.#####.#.#
#............#.#
#.#.#..#######.#
#.#.#..#######.######
#.#.#..#............#
#.....@..#####.####.#
###.#..### #.# ##.##
#.#..# #.###..)##
##.#..### ..........
#.%.....# #.###...##
#..#...... .#.<.......
#....##.##..######.###
#..#.##.# ..# #.#
#..#.##.##..######.###


There were no monsters in sight!

Vanquished Creatures
  Jessica (D:2)
  Robin (D:2)
  4 adders (D:2)
  An ooze (D:2)
  A worm (D:2)
  2 dart slugs (D:1)
  2 leopard geckos
  A ball python (D:1)
  3 giant cockroaches
  5 hobgoblins
  4 kobolds
  A quokka (D:2)
  7 bats
  8 frilled lizards
  9 goblins
  6 rats
56 creatures vanquished.

Notes
Turn   | Place    | Note
-------+----------+-------------------------------------------
     0 | D:1      | Kohma the Demonspawn Venom Mage began the quest for the Orb.
     0 | D:1      | Reached XP level 1. HP: 13/13 MP: 3/3
   480 | D:1      | Gained mutation: You are slightly more attuned to the shadows. [demonic ancestry]
   480 | D:1      | Reached XP level 2. HP: 17/19 MP: 5/5
  1311 | D:2      | Noticed Jessica
  1323 | D:2      | Killed Jessica
  1323 | D:2      | Reached XP level 3. HP: 12/24 MP: 2/6
  1490 | D:2      | Reached skill level 4 in Poison Magic
  1680 | D:2      | Gained mutation: You have sharp fingernails. [demonic ancestry]
  1680 | D:2      | Reached XP level 4. HP: 30/30 MP: 4/7
  1957 | D:2      | Noticed Robin
  1971 | D:2      | Killed Robin
  2434 | D:2      | Gained mutation: You are partially covered in sharp spines. [demonic ancestry]
  2434 | D:2      | Reached XP level 5. HP: 23/35 MP: 4/9
  2617 | D:2      | Noticed Sigmund
  2655 | D:2      | Slain by Sigmund

Skill      XL: |  1  2  3 |
---------------+----------+-----
Poison Magic   | 4 |  4.6
Conjurations   | 2 |  2.4
Dodging        | |  1.7
Stealth        | |  1.7
Spellcasting   | |  2.9

Action                   |  1- 3 |  4- 6 || total
-------------------------+-------+-------++-------
Melee: Short sword       |    32 |    31 ||    63
       Unarmed           |     6 |       ||     6
Throw: Tomahawk          |       |     4 ||     4
 Cast: Sting             |    49 |    35 ||    84
 Stab: Sleeping          |     1 |       ||     1
  Eat: Chunk             |     3 |     3 ||     6
Armor: Robe              |    14 |     9 ||    23
Dodge: Dodged            |    46 |    22 ||    68
